 Dungeon Crawl Stone Soup version 0.27.1-1-g398f81649c (webtiles) character file.

Game seed: 10317296104522441589

70 Cykl0x the Covered (level 4, -3/40 HPs)
             Began as a Minotaur Fighter on Sept 14, 2021.
             Slain by a gnoll (6 damage)
             ... on level 2 of the Dungeon.
             The game lasted 00:01:22 (1220 turns).

Cykl0x the Covered (Minotaur Fighter)               Turns: 1220, Time: 00:01:23

Health: -3/40      AC:  7    Str: 19 (22) XL:     4   Next: 3%
Magic:  3/3        EV:  7    Int:  4 (5)  God:
Gold:   70         SH:  8    Dex:  6 (9)  Spells: 3/3 levels left

rFire    . . .     SeeInvis .   a - +0 long sword
rCold    . . .     Faith    .   c - +0 kite shield
rNeg     . . .     Spirit   .   b - +0 scale mail
rPois    .         Reflect  .   (helmet restricted)
rElec    .         Harm     .   (no cloak)
rCorr    .         Rampage  .   (no gloves)
Will     .....                  (no boots)
Stlth    ..........             (no amulet)
HPRegen  0.13/turn              (no ring)
MPRegen  0.08/turn              (no ring)

@: lethally poisoned (-3 -> -28), attractive, flying
A: horns 2, retaliatory headbutt
a: no special abilities


You were on level 2 of the Dungeon.
You visited 1 branch of the dungeon, and saw 2 of its levels.

You collected 70 gold pieces.

Inventory:

Hand Weapons
 a - a +0 long sword (weapon)
 f - a +0 dagger of draining
Missiles
 e - 41 stones (quivered)
Armour
 b - a +0 scale mail (worn)
 c - a +0 kite shield (worn)
Jewellery
 j - a ring of ice
Wands
 g - a wand of iceblast (9)
Scrolls
 i - a scroll of blinking {unknown}


   Skills:
 + Level 4.1 Fighting
 + Level 3.4 Long Blades
 + Level 1.1 Throwing
 + Level 4.3 Armour
 + Level 0.4 Dodging
 + Level 3.9 Shields


You had 3 spell levels left.
You didn't know any spells.
Your spell library contained the following spells:

 Spells                   Type           Power      Damage    Failure   Level
 Foxfire                  Conj/Fire      0%         2x1d4     100%        1
 Conjure Flame            Conj/Fire      0%         6-21      100%        3
 Inner Flame              Hex/Fire       0%         N/A       100%        3


Dungeon Overview and Level Annotations

Branches:
Dungeon (2/15)

Altars:


Innate Abilities, Weirdness & Mutations

You have a pair of horns on your head.
You reflexively headbutt those who attack you in melee.


Message History

You are more poisoned.
You feel very sick.
It was a potion of flight.
You feel very buoyant.
You fly up into the air.
You feel very sick.
It was a potion of attraction.
You feel attractive to monsters.
You feel sick. The gnoll is pulled toward you!
It was a potion of degeneration.
There was something very wrong with that liquid.
You feel weakened.
You feel dopey.
You feel clumsy.
You feel sick. The gnoll barely misses you.
You barely miss the gnoll. You headbutt the gnoll.
The gnoll is heavily wounded.
You feel sick. The gnoll hits you with a +0 flail.
The gnoll hits you but does no damage.
You slash the gnoll!
You kill the gnoll!
You feel sick. You block the gnoll's attack.
You have reached level 4!
You feel stronger.
You hit the gnoll. Your headbutt misses the gnoll.
The gnoll is heavily wounded.
You feel sick. The gnoll hits you but does no damage.
You are more poisoned.
You hit the gnoll. Your headbutt misses the gnoll.
The gnoll is almost dead.
You feel very sick.
The gnoll hits you with a +0 flail of venom.
* * * LOW HITPOINT WARNING * * *
You are lethally poisoned!
The gnoll hits you but does no damage.
You are more poisoned.
You hit the gnoll but do no damage.
The gnoll is almost dead.
* * * LOW HITPOINT WARNING * * *
You feel extremely sick.
The gnoll hits you with a +0 flail of venom.
You die...

# #.# #.# #.#
#.# #.# #.#
##.#######.#
###..........#
#........#####
#.#...##.#
#.##..##.# .
....##.# #
.##.###@# #
#.# #g# #.#
#g# .. .g#
(..# .(...
.(.... .g.....
##.......


You could see 3 gnolls.

Vanquished Creatures
  Terence (D:2)
  A gnoll (D:2)
  3 dart slugs
  3 ball pythons (D:1)
  2 endoplasms (D:1)
  3 goblins (D:1)
  3 hobgoblins
  A quokka (D:1)
  5 bats
  A frilled lizard (D:1)
  5 kobolds (D:1)
  3 rats (D:1)
31 creatures vanquished.

Notes
Turn   | Place    | Note
-------+----------+-------------------------------------------
     0 | D:1      | Cykl0x the Minotaur Fighter began the quest for the Orb.
     0 | D:1      | Reached XP level 1. HP: 19/19 MP: 0/0
   179 | D:1      | Reached XP level 2. HP: 27/27 MP: 1/1
   556 | D:1      | Found a faded altar of an unknown god.
   650 | D:1      | Reached XP level 3. HP: 32/33 MP: 2/2
   879 | D:2      | Noticed Terence
   899 | D:2      | Killed Terence
   900 | D:2      | Reached skill level 1 in Throwing
  1218 | D:2      | Reached XP level 4. HP: 19/40 MP: 3/3
  1220 | D:2      | Slain by a gnoll

Illustrated notes

Levels and vault maps discovered:
D:1:      dpeg_arrival_leaves_temple_mockup, layout_loops_cross, serial_glass,
          glass_columns_c, glass_columns_a, glass_columns_a, glass_columns_b,
          hellmonk_ecumenical_altar_lost_god
D:2:      layout_loops_corners, basic_altar, chequers_serial_rivers_micro_c,
          uniq_terence

Skill      XL: |  1  2  3 |
---------------+----------+-----
Fighting       | 4 |  4.1
Armour         | 4 |  4.3
Long Blades    | 3 |  3.4
Throwing       | 1 |  1.1
Dodging        | |  0.4
Shields        | |  3.9

Action                   |  1- 3 |  4- 6 || total
-------------------------+-------+-------++-------
Melee: Long sword        |    63 |     3 ||    66
       Headbutt          |    10 |       ||    10
Throw: Stone             |    31 |       ||    31
  Use: Potion            |     4 |       ||     4
Armor: Scale mail        |    32 |     2 ||    34
Dodge: Dodged            |    24 |       ||    24
Block: Kite shield       |    34 |       ||    34
       Rpst.: Long sword |     8 |       ||     8
